 Dungeon Crawl Stone Soup version 0.20.1-1-g8b1a95d (webtiles) character file.

72 t3hbunneh the Skirmisher (level 4, 0/37 HPs)
             Began as a Demonspawn Fighter on Oct 27, 2017.
             Slain by a worker ant (5 damage)
             ... on level 3 of the Dungeon.
             The game lasted 00:04:23 (1923 turns).

t3hbunneh the Skirmisher (Demonspawn Fighter)       Turns: 1923, Time: 00:04:24

Health: 0/37       AC:  6    Str: 17    XL:     4   Next: 6%
Magic:  4/4        EV:  6    Int: 10    God:
Gold:   71         SH:  8    Dex: 12    Spells: 3/3 levels left

rFire    . . .     SeeInvis .   a - +0 flail
rCold    . . .     Gourm    .   c - +0 shield
rNeg     . . .     Faith    .   b - +0 scale mail
rPois    .         Spirit   .   (no helmet)
rElec    .         Reflect  .   (no cloak)
rCorr    .         Harm     .   (no gloves)
MR       .....                  (no boots)
Stlth    +.........             (no amulet)
Regen    0.2/turn               (no ring)
MPRegen  0.1/turn               (no ring)

@: lethally poisoned (0 -> -9)
A: claws 1, nightstalker 1
a: no special abilities


You were on level 3 of the Dungeon.
You were not hungry.

You visited 1 branch of the dungeon, and saw 4 of its levels.

You collected 71 gold pieces.

Inventory:

Hand Weapons
 a - a +0 flail (weapon)
Armour
 b - a +0 scale mail (worn)
 c - a +0 shield (worn)
Jewellery
 k - an uncursed ring of wizardry {unknown}
 n - an uncursed amulet of the gourmand {unknown}
 o - a cursed amulet of the gourmand {unknown}
Scrolls
 e - a scroll of immolation {unknown}
 g - a scroll of fog {unknown}
 h - a scroll of enchant armour {unknown}
 j - 3 scrolls of identify {unknown}
 p - 2 scrolls of enchant weapon {unknown}
 q - a scroll of teleportation {unknown}
 r - 2 scrolls of magic mapping {unknown}
 u - a scroll of amnesia {unknown}
Potions
 d - a potion of might
 i - a potion of brilliance {unknown}
 l - a potion of curing {unknown}
 m - a potion of lignification {unknown}
 s - a potion of degeneration {unknown}
 t - a potion of resistance {unknown}
Comestibles
 f - 2 bread rations


   Skills:
 + Level 3.8 Fighting
 + Level 3.1 Maces & Flails
 - Level 2.7 Armour
 - Level 2.9 Shields


You had 3 spell levels left.
You didn't know any spells.

Dungeon Overview and Level Annotations

Branches:
Dungeon (4/15)
 Temple: D:4-7

Altars:
Gozag
Zin


Innate Abilities, Weirdness & Mutations

You have sharp fingernails.
You are slightly more attuned to the shadows.


Message History

The worker ant poisons you! You block the ooze's attack.
The worker ant bites you. The ooze hits you.
You sock the worker ant!
The worker ant is heavily wounded.
You feel sick. The worker ant bites you.
* * * LOW HITPOINT WARNING * * *
The ooze hits you but does no damage.
You hit the worker ant.
The worker ant is severely wounded.
You feel sick. The worker ant bites you.
* * * LOW HITPOINT WARNING * * *
You are lethally poisoned!
The worker ant poisons you! The ooze hits you.
* * * LOW HITPOINT WARNING * * *
You block the worker ant's attack.
You hit the worker ant.
The worker ant is severely wounded.
* * * LOW HITPOINT WARNING * * *
You feel sick. The worker ant bites you.
You die...

...[..>...... #.
######..##.## #.#
#......###.# ###.##
#.####.# ##.
....####.####.#####
#...>.............
####...###.####.#.#.#
..#%.(.#.)...# #..###.
.....a@..########.#.#.#
..#..J#.## .......##.##
......:... #########.#
.######.### #.# #.# #.#
..# #.# ### #.# #.#


You could see a worker ant and an ooze.

Vanquished Creatures
  2 adders
  An ooze (D:2)
  2 dart slugs
  An orc (D:3)
  4 bats
  2 giant cockroaches
  7 goblins
  5 hobgoblins
  6 jackals
  5 kobolds
  A ball python (D:1)
  A frilled lizard (D:2)
  5 rats
42 creatures vanquished.

Notes
Turn   | Place    | Note
-------+----------+-------------------------------------------
     0 | D:1      | t3hbunneh the Demonspawn Fighter began the quest for the Orb.
     0 | D:1      | Reached XP level 1. HP: 18/18 MP: 1/1
   385 | D:1      | Gained mutation: You have sharp fingernails. [demonic ancestry]
   385 | D:1      | Reached XP level 2. HP: 24/24 MP: 2/2
   820 | D:2      | Gained mutation: You are slightly more attuned to the shadows. [demonic ancestry]
   820 | D:2      | Reached XP level 3. HP: 26/29 MP: 3/3
  1315 | D:2      | Found a glowing silver altar of Zin.
  1315 | D:2      | Found an opulent altar of Gozag.
  1719 | D:3      | Reached XP level 4. HP: 30/37 MP: 4/4
  1923 | D:3      | Slain by a worker ant

Skill      XL: |  1  2  3 |
---------------+----------+-----
Maces & Flails | 2 3 |  3.1
Fighting       | |  3.8
Armour         | |  2.7
Shields        | |  2.9

Action                   |  1- 3 |  4- 6 || total
-------------------------+-------+-------++-------
Melee: Flail             |   122 |    21 ||   143
  Eat: Chunk             |     1 |     2 ||     3
Armor: Scale mail        |    70 |    10 ||    80
Dodge: Dodged            |    43 |     5 ||    48
Block: Shield            |    66 |     4 ||    70
